 Dungeon Crawl Stone Soup version 0.25.1-2-g60ff931df9 (webtiles) character file.

Game seed: 12332878658381712935

57 HawFromDerth the Ruffian (level 3, 0/28 HPs)
             Began as a Draconian Transmuter on Sept 26, 2020.
             Slain by an adder (3 damage)
             ... on level 2 of the Dungeon.
             The game lasted 00:02:14 (1386 turns).

HawFromDerth the Ruffian (Draconian Transmuter)     Turns: 1386, Time: 00:02:15

Health: 0/28       AC:  2    Str: 13    XL:     3   Next: 73%
Magic:  1/7        EV: 19    Int: 13    God:
Gold:   34         SH:  0    Dex: 16    Spells: 3/7 levels left

rFire    . . .     SeeInvis .     - Unarmed
rCold    . . .     Gourm    .   (shield currently unavailable)
rNeg     . . .     Faith    .   (armour unavailable)
rPois    x         Spirit   .   (helmet currently unavailable)
rElec    .         Reflect  .   (cloak currently unavailable)
rCorr    .         Harm     .   (gloves currently unavailable)
MR       .....                  (boots currently unavailable)
Stlth    +.........             (no amulet)
HPRegen  0.09/turn              (no ring)
MPRegen  0.10/turn              (no ring)

@: spider-form (expiring), very slightly contaminated
A: tiny, unfitting armour, AC +5
a: End Transformation


You were on level 2 of the Dungeon.
You were full.
You were a venomous arachnid creature.
You visited 1 branch of the dungeon, and saw 2 of its levels.

You collected 34 gold pieces.

Inventory:

Missiles
 a - 12 arrows
Jewellery
 h - a cursed -4 ring of strength {unknown}
Scrolls
 b - a scroll of identify {unknown}
Potions
 e - a potion of lignification {unknown}
Comestibles
 c - a ration
 d - a chunk of flesh


   Skills:
 + Level 1.2 Fighting
 + Level 1.8 Dodging
 + Level 3.7 Unarmed Combat
 + Level 2.7 Spellcasting
 + Level 2.5 Transmutations


You had 3 spell levels left.
You knew the following spells:

 Your Spells              Type           Power        Failure   Level  Hunger
a - Beastly Appendage     Tmut           #.....       22%         1    #......
b - Spider Form           Tmut/Pois      #.........   61%         3    ###....

Your spell library contained the following spells:

 Spells                   Type           Power        Failure   Level  Hunger
 Sticks to Snakes         Tmut           #.......     30%         2    ###....
 Ice Form                 Ice/Tmut       #.......     92%         4    #####..
 Blade Hands              Tmut           #.........   98%         5    ######.


Dungeon Overview and Level Annotations

Branches:
Dungeon (2/15)

Altars:


Innate Abilities, Weirdness & Mutations

((Your plain brown scales are hard. (AC +5)))
You cannot fit into any form of body armour.
((You are cold-blooded and may be slowed by cold attacks.))


Message History

You kill the adder!
You feel sick.
You are no longer poisoned.
You hit the adder.
The adder is poisoned.
The adder is heavily wounded.
The adder bites you.
* * * LOW HITPOINT WARNING * * *
You miss the adder.
The adder is heavily wounded.
The adder misses you. x2
You closely miss the adder.
The adder is heavily wounded.
The adder barely misses you.
You miss the adder.
The adder is heavily wounded.
The adder barely misses you.
You hit the adder but do no damage.
The adder looks even sicker.
The adder is heavily wounded.
The adder bites you.
You die...

... #..# ... ...# # ..
...#### #.# #. .......
##...#.##..(..#
..............#
#.##.##g#.....# #.##.
#S#.....# ####...
#s#####... # ..)..# #.#
##
..#.#.####..####.######
.......<.#............#
..#.#.##.#...########.#
#.##.#...# #....รท..##
........#### .######.#


You could see an adder (very poisoned) and a hobgoblin.

Vanquished Creatures
  A gnoll (D:1)
  An adder (D:2)
  3 dart slugs (D:1)
  6 bats
  A giant cockroach (D:2)
  4 goblins (D:1)
  A hobgoblin (D:1)
  4 jackals (D:1)
  A frilled lizard (D:1)
  7 kobolds (D:1)
  2 rats (D:1)
31 creatures vanquished.

Notes
Turn   | Place    | Note
-------+----------+-------------------------------------------
     0 | D:1      | HawFromDerth the Draconian Transmuter began the quest for
                  | the Orb.
     0 | D:1      | Reached XP level 1. HP: 16/16 MP: 3/3
   223 | D:1      | Reached XP level 2. HP: 23/23 MP: 3/5
   566 | D:1      | Reached XP level 3. HP: 28/28 MP: 4/6
   571 | D:1      | Learned a level 3 spell: Spider Form
  1386 | D:2      | Slain by an adder

Illustrated notes

Levels and vault maps discovered:
D:1:      minmay_arrival_split_and_join, layout_basic, minmay_misc_feat_alley
D:2:      layout_loops_cross, st_stairs_14, minmay_small_reverse_x

Action                   || total
-------------------------++-------
Melee: Unarmed           ||    76
       Headbutt          ||     9
       Kick              ||     4
       Punch             ||     1
       Tailslap          ||     6
 Cast: Beastly Appendage ||    22
       Spider Form       ||     1
  Use: Scroll            ||     3
       Potion            ||     3
  Eat: Ration            ||     2
       Chunk             ||     1
Armor: Skin              ||    28
Dodge: Dodged            ||    42
